 Dungeon Crawl Stone Soup version 0.19.1-1-g22dce08 (webtiles) character file.

69 galech the Ruffian (level 4, 0/44 HPs)
             Began as a Troll Monk on Dec 30, 2016.
             Was a Believer of Okawaru.
             Slain by a sky beast (5 damage)
             ... on level 3 of the Dungeon.
             The game lasted 00:03:38 (1295 turns).

galech the Ruffian (Troll Monk)                     Turns: 1295, Time: 00:03:39

Health: 0/44       AC:  5    Str: 20    XL:     4   Next: 2%
Magic:  3/3        EV: 11    Int:  6    God:    Okawaru [**....]
Gold:   36         SH:  3    Dex: 12    Spells: 0 memorised, 3 levels left

rFire  . . .     SeeInvis .       - Unarmed
rCold  . . .     Gourm    +     a - +0 robe
rNeg   . . .     Faith    .     (no shield)
rPois  .         Spirit   .     (helmet restricted)
rElec  .         Reflect  +     (no cloak)
rCorr  .         Harm     .     (gloves unavailable)
MR     .....                    (boots unavailable)
Stlth  ++........               p - +3 amulet of reflection
                                (no ring)
                                n - ring of flight (curse)

@: no status effects
A: unfitting armour, claws 3, fast metabolism 3, gourmand, regeneration 1,
shaggy fur 1, tough skin 2
a: Heroism, Renounce Religion, Evoke Flight


You were on level 3 of the Dungeon.
You worshipped Okawaru.
Okawaru was pleased with you.
You were completely stuffed.

You visited 1 branch of the dungeon, and saw 3 of its levels.

You collected 36 gold pieces.

Inventory:

Armour
 a - a +0 robe (worn)
Jewellery
 n - a cursed ring of flight (left claw)
 p - a +3 amulet of reflection (around neck)
Scrolls
 e - 3 scrolls of remove curse {unknown}
 i - 3 scrolls of identify {unknown}
 j - a scroll of noise {unknown}
 k - a scroll of random uselessness {unknown}
 m - a scroll of teleportation {unknown}
Potions
 c - a potion of mutation {unknown}
 d - a potion of lignification {unknown}
 f - 3 potions of curing {unknown}
 g - a potion of berserk rage {unknown}
Comestibles
 b - 3 bread rations
 h - a beef jerky
 l - a meat ration


   Skills:
 + Level 2.8 Fighting
 + Level 3.0 Dodging
 - Level 1.1 Stealth
 + Level 3.6 Unarmed Combat
 + Level 1.0 Invocations


You had 3 spell levels left.
You didn't know any spells.

Dungeon Overview and Level Annotations

Branches:
Dungeon (3/15)

Altars:
Fedhas
Okawaru
Uskayaw

Annotations:
D:3 Grinder, Robin


Innate Abilities, Weirdness & Mutations

You are too large for most types of armour.
You have claws for hands.
Your metabolism is lightning-fast.
You like to eat raw meat.
Your natural rate of healing is unusually fast.
You are covered in fur. (AC +1)
You have very tough skin. (AC +2)


Message History

The goblin barely misses you. The hobgoblin barely misses you.
The goblin hits you but does no damage. You block the goblin's attack.
The goblin hits you but does no damage.
You claw the sky beast!
The sky beast is almost dead.
The adder misses you. You block the goblin's attack. The sky beast hits you.
* * * LOW HITPOINT WARNING * * *
The sky beast shocks you.
* * * LOW HITPOINT WARNING * * *
The goblin barely misses you. You block the hobgoblin's attack.
The goblin hits you but does no damage. The goblin hits you.
* * * LOW HITPOINT WARNING * * *
A goblin comes into view.
Unknown command.
You barely miss the sky beast.
The sky beast is almost dead.
The adder barely misses you. The goblin hits you with a club.
* * * LOW HITPOINT WARNING * * *
The sky beast hits you.
You die...

.. ... .. ....
######.##....
#.......>....
5##............
..!............
!.....ggg.....#
.....gg@g.....#
......SYg#...##
.......g## ##
...####g.......
#. g..##...# #
##... ## #.##.
... .. .#. ..


You could see Grinder, a sky beast, Robin, an adder, a hobgoblin and 8 goblins.

Vanquished Creatures
  Ijyb (D:3)
  A worm (D:2)
  3 leopard geckos (D:2)
  4 giant cockroaches
  8 goblins
  3 hobgoblins
  3 jackals (D:1)
  3 kobolds
  3 bats
  A frilled lizard (D:1)
  8 rats
38 creatures vanquished.

Notes
Turn   | Place    | Note
-------+----------+-------------------------------------------
     0 | D:1      | galech the Troll Monk began the quest for the Orb.
     0 | D:1      | Reached XP level 1. HP: 22/22 MP: 0/0
   113 | D:1      | Reached XP level 2. HP: 28/29 MP: 1/1
   583 | D:2      | Found an iron altar of Okawaru.
   588 | D:2      | Reached XP level 3. HP: 36/36 MP: 2/2
   598 | D:2      | Became a worshipper of Warmaster Okawaru
   598 | D:2      | Reached * piety under Okawaru
   598 | D:2      | Reached ** piety under Okawaru
  1033 | D:2      | Found a hide-covered altar of Uskayaw.
  1033 | D:2      | Found a blossoming altar of Fedhas.
  1280 | D:3      | Noticed Ijyb
  1282 | D:3      | Noticed Robin
  1285 | D:3      | Noticed a sky beast
  1287 | D:3      | Killed Ijyb
  1287 | D:3      | Reached skill level 1 in Invocations
  1287 | D:3      | Reached XP level 4. HP: 36/44 MP: 3/3
  1288 | D:3      | Noticed Grinder
  1295 | D:3      | Slain by a sky beast

Skill      XL: |  1  2  3 |
---------------+----------+-----
Dodging        | 3 |  3.0
Invocations    | 1 |  1.0
Fighting       | |  2.8
Stealth        | |  1.1
Unarmed Combat | |  3.6

Action                   |  1- 3 |  4- 6 || total
-------------------------+-------+-------++-------
Melee: Unarmed           |   100 |     8 ||   108
 Stab: Sleeping          |     5 |       ||     5
  Eat: Chunk             |    17 |       ||    17
Armor: Robe              |    29 |     8 ||    37
Dodge: Dodged            |    37 |    27 ||    64
Block: Other             |       |     7 ||     7
